 Dungeon Crawl Stone Soup version 0.16.1-14-g82efdee (webtiles) character file.

10180 KarvaRausku the Cleaver (level 11, -22/78 HPs)
             Began as a Human Fighter on Apr 14, 2015.
             Was an Elder of Okawaru.
             Killed from afar by an efreet (36 damage)
             ... with a fireball
             ... on level 11 of the Dungeon.
             The game lasted 00:36:44 (13986 turns).

KarvaRausku the Cleaver (Human Fighter)            Turns: 13986, Time: 00:36:44

Health: -22/78     AC: 25    Str: 19    XL:     11   Next: 88%
Magic:  20/20      EV:  4    Int:  9    God:    Okawaru [****..]
Gold:   621        SH:  9    Dex: 13    Spells: 0 memorised, 10 levels left

rFire  . . .     SeeInvis .     V - +0 war axe
rCold  . . .     Clarity  .     T - +3 plate armour
rNeg   . . .     SustAb   .     c - +0 shield
rPois  .         Gourm    .     H - +0 helmet
rElec  .         Spirit   .     E - +0 cloak
rCorr  .         Warding  .     A - +2 pair of gloves
rMut   .         Stasis   .     (no boots)
MR     .....                    B - amulet of rage
Stlth  ..........               n - +2 ring of protection
                                i - ring of magical power

@: not resistant to hostile enchantments, extremely unstealthy
A: no striking features
a: Heroism, Renounce Religion, Evoke Berserk Rage


You were on level 11 of the Dungeon.
You worshipped Okawaru.
Okawaru was greatly pleased with you.
You were not hungry.

You visited 3 branches of the dungeon, and saw 13 of its levels.
You also visited: Sewer.

You collected 621 gold pieces.

Inventory:

Hand weapons
 a - a +0 dagger
 x - a +0 war axe
 C - a +3 quarterstaff of chaos
 V - a +0 war axe (weapon)
Armour
 b - a +0 scale mail
 c - a +0 shield (worn)
 z - a +0 ring mail of fire resistance
 A - a +2 pair of gloves (worn)
 E - a +0 cloak (worn)
 H - a +0 helmet (worn)
 T - a +3 plate armour (worn)
Magical staves
 q - an uncursed staff of cold {unknown}
 X - an uncursed staff of air {unknown}
Jewellery
 i - a ring of magical power (left hand)
 n - a +2 ring of protection (right hand)
 y - an uncursed ring of stealth
 B - an amulet of rage (around neck)
 R - an uncursed ring of stealth
Magical devices
 v - a wand of digging (11)
 G - a wand of lightning (0)
 P - a wand of enslavement (11)
Scrolls
 g - 7 scrolls of identify
 h - 5 scrolls of remove curse
 r - a scroll of immolation
 K - a scroll of fear {unknown}
 L - 4 scrolls of recharging
 N - 2 scrolls of magic mapping
 U - a scroll of noise {unknown}
 Z - a scroll of torment {unknown}
Potions
 e - a potion of might
 f - 3 potions of restore abilities
 o - a potion of agility
 s - 2 potions of brilliance
 t - a potion of flight
 w - 3 potions of curing
 F - 2 potions of poison
 I - a potion of haste
 J - a potion of magic
 S - a potion of heal wounds
 W - 2 potions of mutation
Books
 u - a book of Ice

   Spells                             Type                      Level
   a - Ice Form                       Ice/Transmutation            4
   b - Metabolic Englaciation         Hexes/Ice                    5
   c - Ozocubu's Refrigeration        Ice                          6
   d - Bolt of Cold                   Conjuration/Ice              6
   e - Freezing Cloud                 Conjuration/Ice/Air          6
   f - Simulacrum                     Ice/Necromancy               6
 D - a book of Control

   Spells                             Type                      Level
   a - Control Teleport               Charms/Translocation         4
   b - Control Undead                 Necromancy                   4
   c - Enslavement                    Hexes                        4
   d - Metabolic Englaciation         Hexes/Ice                    5
   e - Mass Confusion                 Hexes                        6
 O - a book of Callings

   Spells                             Type                      Level
   a - Summon Small Mammal            Summoning                    1
   b - Call Imp                       Summoning                    2
   c - Call Canine Familiar           Summoning                    3
   d - Summon Guardian Golem          Hexes/Summoning              4
   e - Summon Lightning Spire         Summoning/Air                4
   f - Summon Ice Beast               Ice/Summoning                4
 Q - a book of Spatial Translocations

   Spells                             Type                      Level
   a - Apportation                    Translocation                1
   b - Blink                          Translocation                2
   c - Shroud of Golubria             Charms/Translocation         2
   d - Portal Projectile              Translocation                3
   e - Teleport Other                 Translocation                3
   f - Passage of Golubria            Translocation                4
 Y - a Necronomicon {highlevel, unknown}

   This book is beyond your current level of understanding.

   Spells                             Type                      Level
   a - Haunt                          Necromancy/Summoning         7
   b - Borgnjor's Revivification      Necromancy                   8
   c - Death's Door                   Charms/Necromancy            8
   d - Necromutation                  Transmutation/Necromancy     8
Comestibles
 d - 10 bread rations
 j - a royal jelly
 k - 3 meat rations
 l - 4 fruits
 m - a beef jerky


   Skills:
 + Level 4.9 Fighting
 + Level 14.2 Axes
 + Level 9.9 Armour
 - Level 3.0 Shields


You had 10 spell levels left.
You didn't know any spells.

Dungeon Overview and Level Annotations

Branches:
Dungeon (11/15)            Temple (1/1) D:7            Lair (1/8) D:9
    Orc: D:9-12

Altars:
Ashenzari
Cheibriados
Dithmenos
Elyvilon
Fedhas
Gozag
Kikubaaqudgha
Makhleb
Nemelex Xobeh
Okawaru
Qazlal
Ru
Sif Muna
Trog
Vehumet
Xom
Yredelemnul
Zin
The Shining One

Shops:
D:5 (!=   D:6 [   D:8 =   D:11 [

Annotations:
D:6 KarvaRausku's ghost, experienced HuFi


Message History

You see here a long sword.
The sky beast flickers out of sight!
Deactivating autopickup; reactivate with Ctrl-A.
The efreet gestures at you.
The fireball explodes!
The fireball engulfs something.
Reactivating autopickup.
There is an open door here.
The efreet gestures at you.
The fireball explodes!
The fireball engulfs you! The efreet gestures at you.
The bolt of fire hits you!
* * * LOW HITPOINT WARNING * * *
Drink which item? (? for menu, Esc to quit)
Okay, then.
Read which item? (? for menu, Esc to quit)
As you read the scroll of fog, it crumbles to dust.
The scroll dissolves into smoke.
The efreet gestures at you.
The fireball explodes!
The fireball engulfs you!
You die...

..#######..####...#.#..#
..#..#..#.....#...#.#..#
.....#........#...#....#
.^..###.......#...#....+
......§...#...#...#....##########
######§######'##'##..............
.......§.R...............#<......
........§...#..§§§.......#....#..
....>...#...#..§@§..##...#....#
........#...#..§§...##...#.÷..#
........#...........##...#....#..
.......................(.........
#################################


You could see an efreet.

Vanquished Creatures
  A death yak (D:9)
  A hill giant (D:11)
  A griffon (Lair:1)
  A troll (D:9)
  11 yaks
  3 blink frogs (Lair:1)
  The ghost of lorenzova the Vexing, an average SpEn (D:4)
  Eustachio (D:7)
  A spriggan (D:7)
  A wyvern (D:9)
  A hippogriff (Lair:1)
  2 water moccasins (Lair:1)
  2 porcupines (Lair:1)
  A phantom (D:8)
  A necrophage (D:9)
  2 orc warriors
  5 centaurs
  An ice beast (D:10)
  2 crocodiles (Lair:1)
  2 ogres
  12 giant frogs
  Blork the orc (D:4)
  A gnoll sergeant (D:6)
  2 big kobolds
  A water moccasin zombie (D:7)
  6 scorpions
  9 killer bees
  4 wights (D:8)
  A centaur zombie (D:7)
  A crimson imp (D:11)
  2 centaur skeletons
  2 goliath beetles
  A jelly (D:10)
  Crazy Yiuf (D:4)
  6 orc priests
  4 orc wizards
  13 hounds
  3 iguanas
  A quasit (D:7)
  A worker ant (D:4)
  7 sheep (Lair:1)
  A worker ant zombie (D:9)
  26 adders
  11 gnolls
  13 river rats
  2 giant mites (D:5)
  3 shadow imps
  3 worms
  2 giant geckos
  3 oozes
  34 orcs
  10 ball pythons
  20 bats
  16 goblins
  13 hobgoblins
  11 jackals
  20 kobolds
  3 quokkas
  7 giant cockroaches
  2 giant gecko skeletons
  5 giant newts
  A giant spore (D:10)
  A jackal skeleton (D:5)
  37 rats
  6 ballistomycetes
370 creatures vanquished.

Vanquished Creatures (collateral kills)
  A killer bee (D:7)
  2 jackals (D:7)
  A rat (D:7)
4 creatures vanquished.

Vanquished Creatures (others)
  A sky beast (D:11)
  A centaur (D:10)
  A killer bee (D:7)
  A bat (D:9)
  2 giant spores (D:9)
  A kobold (D:9)
  A ballistomycete (D:9)
8 creatures vanquished.

Grand Total: 382 creatures vanquished

Notes
Turn   | Place    | Note
--------------------------------------------------------------
     0 | D:1      | KarvaRausku, the Human Fighter, began the quest for the Orb.
     0 | D:1      | Reached XP level 1. HP: 18/18 MP: 1/1
    74 | D:1      | Reached XP level 2. HP: 20/24 MP: 2/2
   797 | D:2      | Reached XP level 3. HP: 20/29 MP: 3/3
   923 | D:2      | Reached XP level 4. HP: 8/35 MP: 4/4
   933 | D:2      | Reached skill level 4 in Axes
  1592 | D:2      | Reached XP level 5. HP: 37/41 MP: 5/5
  1612 | D:2      | Reached skill level 5 in Axes
  2489 | D:3      | Reached XP level 6. HP: 45/47 MP: 6/6
  2604 | D:3      | Reached skill level 6 in Axes
  2753 | D:3      | HP: 1/47 [gnoll/halberd (10)]
  3497 | D:4      | Reached skill level 7 in Axes
  3497 | D:4      | Reached XP level 7. HP: 43/52 MP: 7/7
  3500 | D:4      | Noticed lorenzova's ghost (average SpEn)
  3662 | D:4      | Killed lorenzova's ghost
  3694 | D:4      | Reached skill level 8 in Axes
  3771 | D:4      | Noticed Blork the orc
  3785 | D:4      | Killed Blork the orc
  3802 | D:4      | Reached XP level 8. HP: 30/58 MP: 8/8
  4052 | D:4      | Noticed Crazy Yiuf
  4067 | D:4      | Killed Crazy Yiuf
  4596 | D:5      | Entered Level 5 of the Dungeon
  4677 | D:5      | Reached skill level 9 in Axes
  4704 | D:5      | Found Thrimeg's Distillery.
  4838 | D:5      | Found a glowing drain.
  4842 | Sewer    | Entered a sewer
  5381 | D:5      | Found Smappeps' Jewellery Shoppe.
  5442 | D:5      | Reached skill level 5 in Armour
  5520 | D:5      | Found Roiduruy's Weapon Shop.
  5749 | D:5      | Reached XP level 9. HP: 22/63 MP: 9/9
  6377 | D:6      | Found a radiant altar of Vehumet.
  6377 | D:6      | Found a white marble altar of Elyvilon.
  6421 | D:6      | Reached skill level 10 in Axes
  6486 | D:6      | Found a snail-covered altar of Cheibriados.
  6489 | D:6      | Found a glowing golden altar of the Shining One.
  6491 | D:6      | Found a sparkling altar of Nemelex Xobeh.
  6828 | D:6      | Found Kligh's Armour Emporium.
  7213 | D:7      | Found a shadowy altar of Dithmenos.
  7236 | D:7      | Noticed Eustachio
  7251 | D:7      | Killed Eustachio
  7276 | D:7      | Found a stormy altar of Qazlal.
  7388 | D:7      | Reached skill level 11 in Axes
  8161 | D:7      | Found a staircase to the Ecumenical Temple.
  8203 | Temple   | Entered the Ecumenical Temple
  8295 | Temple   | Became a worshipper of Warmaster Okawaru
  8387 | D:6      | Reached XP level 10. HP: 47/70 MP: 10/10
  8499 | D:6      | Noticed KarvaRausku's ghost (experienced HuFi)
  9076 | D:8      | Reached skill level 12 in Axes
  9276 | D:8      | Acquired Okawaru's first power
  9679 | D:8      | Found Skedioq's Jewellery Emporium.
 10809 | D:9      | Found a staircase to the Lair.
 10812 | D:9      | Noticed a death yak
 10848 | D:9      | Killed a death yak
 10858 | D:9      | Reached skill level 13 in Axes
 11440 | D:9      | Reached XP level 11. HP: 57/75 MP: 11/11
 11875 | D:10     | Entered Level 10 of the Dungeon
 12347 | D:10     | Noticed a hill giant
 12459 | Lair:1   | Entered Level 1 of the Lair of Beasts
 12609 | Lair:1   | Noticed a griffon
 12630 | Lair:1   | Killed a griffon
 12953 | Lair:1   | Reached skill level 14 in Axes
 13787 | D:11     | Found Sahazoho's Armour Emporium.
 13888 | D:11     | Noticed a hill giant
 13911 | D:11     | Killed a hill giant
 13986 | D:11     | Killed from afar by an efreet

Action                   |  1- 3 |  4- 6 |  7- 9 | 10-12 || total
-------------------------+-------+-------+-------+-------++-------
Melee: War axe           |    95 |   262 |   573 |   650 ||  1580
 Abil: Evoke Berserk Rag |       |       |     1 |     3 ||     4
Evoke: Wand              |       |       |     3 |     2 ||     5
  Use: Potion            |       |       |    10 |     1 ||    11
       Scroll            |       |       |     4 |    16 ||    20
  Eat: Chunk             |       |     9 |    15 |    15 ||    39
       Royal jelly       |       |       |     1 |       ||     1
       Bread ration      |       |       |       |     1 ||     1
       Beef jerky        |       |       |       |     1 ||     1
